 Dungeon Crawl Stone Soup version 0.24.0 (webtiles) character file.

Game seed: 370914912533768476, levelgen mode: deterministic

126 Buxparty the Skirmisher (level 4, -1/37 HPs)
             Began as a Mummy Gladiator on Jan 27, 2020.
             Killed from afar by an orc wizard (13 damage)
             ... with a puff of flame
             ... on level 3 of the Dungeon.
             The game lasted 00:02:49 (1702 turns).

Buxparty the Skirmisher (Mummy Gladiator)           Turns: 1702, Time: 00:02:49

Health: -1/37      AC:  4    Str: 18    XL:     4   Next: 83%
Magic:  4/4        EV: 12    Int:  7    God:
Gold:   70         SH:  0    Dex: 13    Spells: 3/3 levels left

rFire    x . .     SeeInvis .   a - +0 trident
rCold    + . .     Gourm    .   (no shield)
rNeg     + + +     Faith    .   b - +0 leather armour
rPois    ∞         Spirit   .   c - +0 helmet
rElec    .         Reflect  .   (no cloak)
rCorr    .         Harm     .   (no gloves)
MR       .....                  (no boots)
Stlth    +.........             (no amulet)
HPRegen  0.12/turn              (no ring)
MPRegen  0.09/turn              (no ring)

@: no status effects
A: no food or potions, fire vulnerability, cold resistance 1, negative energy
resistance 3, torment resistance, unbreathing
a: no special abilities


You were on level 3 of the Dungeon.
You were not hungry.

You visited 1 branch of the dungeon, and saw 3 of its levels.

You collected 70 gold pieces.

Inventory:

Hand Weapons
 a - a +0 trident (weapon)
Missiles
 d - 3 throwing nets (quivered)
Armour
 b - a +0 leather armour (worn)
 c - a +0 helmet (worn)
 k - a +0 scale mail
Jewellery
 h - a cursed -2 ring of protection {unknown}
Scrolls
 e - 3 scrolls of teleportation {unknown}
 f - a scroll of noise {unknown}
 g - 2 scrolls of remove curse {unknown}
 i - 3 scrolls of identify {unknown}
 j - a scroll of enchant weapon {unknown}


   Skills:
 + Level 3.8 Fighting
 + Level 3.6 Polearms
 - Level 1.5 Throwing
 - Level 2.4 Dodging


You had 3 spell levels left.
You didn't know any spells.
Your spell library was empty.

Dungeon Overview and Level Annotations

Branches:
Dungeon (3/15)

Altars:
Kikubaaqudgha
Makhleb
Nemelex Xobeh


Innate Abilities, Weirdness & Mutations

You do not eat or drink.
Your flesh is vulnerable to fire.
You are immune to poison.
Your flesh is cold resistant. (rC+)
You are immune to negative energy. (rN+++)
You are immune to unholy pain and torment.
You can survive without breathing.


Message History

You hit the orc.
The orc is almost dead.
The orc hits you but does no damage.
You hit the orc.
You kill the orc!
Something hits you.
You see here a +0 hand axe.
You miss something. Something hits you. x2
You hit something.
Something hits you but does no damage. x2
You miss something. Something hits you.
You closely miss something. You barely miss something.
Something hits you but does no damage.
You closely miss something. Something hits you. x2
You barely miss something.
Something hits you but does no damage. x2
You miss something. Something hits you.
You barely miss something.
You hear some strange, mumbled words.
A puff of flame appears from out of thin air!
The puff of flame hits you! The fire burns you terribly!
You die...

#.#
#.#
#.#
#.#
#o#
#o#
#{#
#@#
#.#
#<#
#.#
..#
####


You could see 2 orcs.

Vanquished Creatures
  Terence (D:2)
  4 adders (D:2)
  2 oozes (D:1)
  3 worms (D:2)
  A dart slug (D:1)
  A leopard gecko (D:1)
  An orc (D:3)
  4 bats
  6 giant cockroaches
  3 hobgoblins (D:1)
  2 ball pythons
  3 frilled lizards (D:1)
  9 goblins
  2 kobolds (D:1)
  2 rats (D:1)
44 creatures vanquished.

Notes
Turn   | Place    | Note
-------+----------+-------------------------------------------
     0 | D:1      | Buxparty the Mummy Gladiator began the quest for the Orb.
     0 | D:1      | Reached XP level 1. HP: 16/16 MP: 1/1
   201 | D:1      | Reached XP level 2. HP: 23/23 MP: 2/2
   583 | D:1      | Reached XP level 3. HP: 28/28 MP: 3/3
   606 | D:1      | Found a sparkling altar of Nemelex Xobeh.
  1059 | D:2      | Found a burning altar of Makhleb.
  1160 | D:2      | Reached XP level 4. HP: 35/35 MP: 4/4
  1198 | D:2      | Noticed Terence
  1204 | D:2      | Killed Terence
  1635 | D:2      | Found an ancient bone altar of Kikubaaqudgha.
  1702 | D:3      | Killed from afar by an orc wizard

Levels and vault maps discovered:
D:1:      erik_arrival_gehennom, layout_basic, nemelex_diamond_rough_becter
D:2:      layout_basic, nicolae_overflow_hidden_temple,
          lemuel_coloured_pillars_altar, fountainhead, uniq_terence
D:3:      layout_loops_ring
